 Dungeon Sprint DCSS version 0.18.1-1-g2f07953 (webtiles) character file.

130 Groucho the Sneak (level 4, 0/34 HPs)
             Began as a Spriggan Enchanter on May 6, 2016.
             Slain by a neqoxec (4 damage)
             ... in the Dungeon (Sprint II: "The Violet Keep of Menkaure").
             The game lasted 00:00:23 (20 turns).

Groucho the Sneak (Spriggan Enchanter)                Turns: 20, Time: 00:00:24

Health: 0/34       AC:  2    Str: 12    XL:     4   Next: 90%
Magic:  7/13       EV: 21    Int: 16    God:
Gold:   0          SH:  0    Dex: 16    Spells: 1 memorised, 14 levels left

rFire  . . .     SeeInvis +     a - +1 dagger
rCold  . . .     Gourm    .     b - +1 robe
rNeg   . . .     Faith    .     (shield restricted)
rPois  .         Spirit   .     (helmet restricted)
rElec  .         Dismiss  .     (no cloak)
rCorr  .         Reflect  .     (gloves unavailable)
SustAt .         Harm     .     (boots unavailable)
MR     .....     Rnd*Rage +     (no amulet)
Stlth  .......... NoTele   +    (no ring)
                                (no ring)

@: berserking (expiring), very slightly contaminated, hasted, very quick, not
resistant to hostile enchantments, extremely unstealthy
A: unfitting armour, see invisible, berserk 1, deformed body, herbivore 3, speed
3, slow metabolism 2, strong 1
a: no special abilities


You were in the Dungeon.
You were not hungry.

You visited 1 branch

Inventory:

Hand Weapons
 a - a +1 dagger (weapon)
Armour
 b - a +1 robe (worn)
Scrolls
 j - a scroll of blinking
Potions
 e - a potion of curing
 f - a potion of heal wounds
 h - 2 potions of magic
Books
 c - a book of Maledictions

   Spells                             Type                      Level
   a - Corona                         Hexes                        1
   b - Ensorcelled Hibernation        Hexes/Ice                    2
   c - Confuse                        Hexes                        3
   d - Tukima's Dance                 Hexes                        3
   e - Dazzling Spray                 Conjuration/Hexes            3
Comestibles
 d - a bread ration


   Skills:
 + Level 2.5 Fighting
 + Level 3.7 Short Blades
 + Level 5.6 Dodging
 + Level 6.9 Stealth
 * Level 6.4 Spellcasting
 * Level 6.8 Hexes


You had 14 spell levels left.
You knew the following spells:

 Your Spells              Type           Power        Failure   Level  Hunger
a - Corona                Hex            ####...      1%          1    None


Dungeon Overview and Level Annotations

Branches:
Dungeon (1/1)

Altars:


Innate Abilities, Weirdness & Mutations

You are tiny and cannot use many weapons and most armour.
You have supernaturally acute eyesight.
You are a herbivore.
You cover ground extremely quickly.
You need consume almost no food.
You tend to lose your temper in combat.
Armour fits poorly on your strangely shaped body.
Your muscles are strong. (Str +2)


Message History

You hit the neqoxec.
The neqoxec is lightly wounded.
The quasit bites you.
* * * LOW HITPOINT WARNING * * *
The quasit closely misses you. The quasit misses you.
You barely miss the neqoxec.
The neqoxec is lightly wounded.
The quasit closely misses you. The quasit completely misses you.
The quasit claws you.
* * * LOW HITPOINT WARNING * * *
The neqoxec gestures at you.
Strange energies course through your body.
You feel a little pissed off. The neqoxec barely misses you.
You closely miss the neqoxec.
The neqoxec is lightly wounded.
The quasit bites you.
* * * LOW HITPOINT WARNING * * *
The quasit completely misses you. The quasit misses you. The neqoxec hits you.
You die...

## #3#
#+#
#3##.##
#3@.<.+
#55##.##
#5# #+#
##


You could see 3 neqoxecs, 2 quasits and an ufetubus.

Vanquished Creatures
  A neqoxec (D)
1 creature vanquished.

Vanquished Creatures (others)
  Menkaure (D)
1 creature vanquished.

Grand Total: 2 creatures vanquished

Notes
Turn   | Place    | Note
--------------------------------------------------------------
     0 | D        | Groucho the Spriggan Enchanter began the quest for the Orb.
     0 | D        | Reached XP level 1. HP: 9/9 MP: 5/5
     1 | D        | Noticed a neqoxec
     1 | D        | Noticed a neqoxec
     1 | D        | Noticed a neqoxec
     1 | D        | Noticed a neqoxec
     1 | D        | Gained mutation: Armour fits poorly on your strangely shaped body. [a neqoxec]
     3 | D        | Noticed a quasit
     6 | D        | Noticed a quasit
    11 | D        | Gained mutation: Your muscles are strong. (Str +2) [a neqoxec]
    13 | D        | Killed Menkaure
    14 | D        | Killed a neqoxec
    14 | D        | Reached skill level 5 in Dodging
    14 | D        | Reached XP level 2. HP: 15/16 MP: 6/10
    14 | D        | Reached XP level 3. HP: 18/19 MP: 6/11
    14 | D        | Reached XP level 4. HP: 21/23 MP: 7/13
    19 | D        | Gained mutation: You tend to lose your temper in combat. [a neqoxec]
    20 | D        | Slain by a neqoxec

Skill      XL: |  1 |
---------------+----+-----
Fighting       | 2 |  2.5
Short Blades   | 3 |  3.7
Dodging        | 5 |  5.6
Stealth        | 6 |  6.9
Spellcasting   | 6 |  6.4
Hexes          | 6 |  6.8

Action                   |  1- 3 |  4- 6 || total
-------------------------+-------+-------++-------
Melee: Dagger            |    11 |     5 ||    16
  Use: Potion            |     2 |       ||     2
Dodge: Dodged            |     3 |    15 ||    18
